cohdb
Replays
Latest Replays
All Replays
Popular Replays
Top Player Replays
Match Explorer
How It Works
Community
CoH3 Stats
Reddit
Sign in to upload your games and track your stats! →
Sign in with Steam
Match 43971333
Unlisted
Match 43971333
Overview
Messages
Build Orders
End
Construct Infanterie Kompanie
Pioneer Squad
MG 42 Machine Gun Team
Sniper
Construct Panzergrenadier Kompanie
Panzergrenadier Squad
Pak 40 Anti-tank Gun Team
Medical Station
MG 42 Bunker
Selects Italian Coastal Battlegroup
Selects Support Bunkers
Selects Rapid Fortifications
Pak 40 Anti-tank Gun Team
MG 42 Machine Gun Team
Panzergrenadier Officer Quarters
Panzergrenadier Squad
Panzergrenadier Squad
Pak 40 Anti-tank Gun Team
Panzergrenadier Squad
Selects Bulwark
Construct Panzer Kompanie
Stoßtruppen Squad
Panzer Officer Quarters
christiansunny
RedBear
BABAYAGA
admiral_gnar
Angry Viper
ButtonsAttack
0
0
Comments
sign in to comment!
No comments posted yet!